AoeStats
← 297539664

MegaRandom

509321519Analyzed
4v4 RM · 6d ago on Sep 26, 2026· 44m 50s· 8 players
Game mode
Random Map
Map size
Large (8 player)
Population
200
Speed
Normal
Resources
Standard
Victory
Conquest
Starting age
Dark Age
Ending age
Imperial Age
RankedLock teamsTeams togetherTeam positionsShared explorationLock speedFull tech treeHidden civsTurbo modeCheats
Victory
Defeat
🇰🇷 Maya · South Korea
1528
+14
🇧🇷 Varangians · Brazil
1489
+16
🇦🇺 Poles · Australia
1480
+16
🇨🇳 Ethiopians · China
1457
+17
🇩🇪 Goths · Germany
1534
-17
🇨🇳 Mongols · China
1505
-17
🇭🇺 Portuguese · Hungary
1482
-16
🇨🇱 Lithuanians · Chile
1417
-13
PZ|NagyGeri1
6:56 Loom
9:15 Feudal Age
10:49 Double-Bit Axe
12:51 Town Watch
15:34 Fletching
21:11 Padded Archer Armor
21:41 Horse Collar
24:09 Wheelbarrow
27:44 Castle Age
28:54 Bodkin Arrow
31:15 Pikeman
36:47 Scale Mail Armor
39:33 Hand Cart
b4ron1
2:30 Loom
11:30 Feudal Age
15:27 Castle Age
13:41 Double-Bit Axe
14:30 Horse Collar
16:52 Bow Saw
17:05 Gold Mining
19:01 Scale Mail Armor
24:33 Wheelbarrow
24:28 Chain Mail Armor
24:37 Squires
27:01 Forging
30:46 Heavy Plow
32:32 Fletching
33:18 Iron Casting
33:26 Pikeman
34:31 Bodkin Arrow
37:10 Stone Mining
40:00 Imperial Age
40:10 Halberdier
41:53 Blast Furnace
41:17 Conscription
41:51 Hand Cart
42:05 Anarchy
42:06 Perfusion
归来仍只会种田
8:39 Feudal Age
9:13 Double-Bit Axe
9:23 Loom
10:43 Horse Collar
13:53 Scale Barding Armor
16:08 Forging
21:11 Bloodlines
23:09 Gold Mining
26:35 Castle Age
26:37 Light Cavalry
27:54 Iron Casting
28:03 Husbandry
29:22 Chain Barding Armor
39:05 Heavy Plow
39:45 Gold Shaft Mining
41:36 Bow Saw
42:03 Stone Mining
Hennessy
6:28 Loom
9:13 Feudal Age
9:42 Double-Bit Axe
13:25 Town Watch
14:47 Wheelbarrow
14:49 Forging
15:13 Scale Barding Armor
18:04 Bloodlines
27:14 Castle Age
28:14 Chain Barding Armor
29:34 Husbandry
31:30 Horse Collar
32:07 Fletching
32:02 Light Cavalry
35:05 Iron Casting
36:29 Town Patrol
36:31 Bodkin Arrow
297539664
10:17 Feudal Age
12:45 Fletching
12:56 Padded Archer Armor
14:04 Double-Bit Axe
20:17 Horse Collar
29:25 Castle Age
29:40 Crossbowman
30:25 Thumb Ring
31:14 Leather Archer Armor
30:55 Bodkin Arrow
33:24 Wheelbarrow
34:49 Bow Saw
37:22 Ballistics
37:26 Bow Saw
42:15 Imperial Age
40:27 Gold Mining
40:29 Stone Mining
42:26 Gold Shaft Mining
42:27 Stone Shaft Mining
42:19 Arbalester
43:34 Bracer
44:05 Ring Archer Armor
GAX | Sr. Spock
6:57 Loom
9:22 Feudal Age
10:11 Double-Bit Axe
12:43 Bloodlines
16:34 Scale Barding Armor
17:20 Forging
22:56 Castle Age
22:32 Gold Mining
22:26 Horse Collar
24:04 Chain Barding Armor
26:26 Bow Saw
26:47 Husbandry
32:50 Town Watch
35:32 Wheelbarrow
35:10 Heavy Plow
37:18 Iron Casting
37:19 Stone Mining
39:06 Fletching
42:40 Imperial Age
44:11 Plate Barding Armor
43:13 Cavalier
Josephine Explosiphine
6:24 Loom
9:00 Feudal Age
9:33 Double-Bit Axe
9:30 Horse Collar
15:36 Forging
17:04 Bloodlines
20:21 Fletching
20:36 Scale Barding Armor
26:50 Castle Age
27:40 Heavy Plow
27:51 Bow Saw
27:45 Fletching
28:31 Iron Casting
28:18 Chain Barding Armor
27:28 Light Cavalry
28:33 Husbandry
30:13 Wheelbarrow
30:30 Gold Mining
31:47 Szlachta Privileges
34:44 Hand Cart
34:38 Fletching
41:45 Imperial Age
42:05 Stone Mining
42:00 Cavalier
43:42 Blast Furnace
44:09 Crop Rotation
44:04 Conscription
wnstjdrkd
7:57 Loom
11:12 Feudal Age
16:36 Fletching
16:59 Double-Bit Axe
16:55 Horse Collar
23:56 Castle Age
22:32 Gold Mining
25:09 Wheelbarrow
24:01 Crossbowman
24:43 Bodkin Arrow
25:50 Bow Saw
25:41 Heavy Plow
27:14 Ballistics
28:17 Padded Archer Armor
32:28 Stone Mining
33:20 Leather Archer Armor
39:33 Imperial Age
38:42 Hand Cart
39:11 Thumb Ring
40:02 Stone Shaft Mining
39:31 Town Watch
39:36 Arbalester
40:35 Bracer
42:25 Chemistry
41:51 Forging
42:21 Ring Archer Armor
42:26 Crop Rotation
Connection lost

Rejoining the realm…

Still unreachable

The connection could not be restored.

Session expired

The server has moved on; the page needs a fresh start.